Map: Ruins of Endion

Players

blackxored

  • Race: Zerg Zerg
  • League: Platinum

selVOnt - Winner!

  • Race: Zerg Zerg
  • League: Platinum

VOD

Have the link to the VOD?

Description

Time

  • Played on: June 25, 2016, 4:42 p.m.
  • Length: 11:51
Show
View Real Time Build Order
Export as new Build Order

blackxored Zerg 

Build Orders: Pool First 

Get SALT Encoding   

  12  0:01  Drone  
  13  0:08  Drone  
  14  0:18  Overlord  
  14  0:23  Extractor  
  14  0:24  Drone  
  15  0:40  Drone x2  
  17  0:47  Spawning Pool  
  17  0:49  Drone  
  17  0:55  Extractor  
  17  0:56  Drone  
  17  1:07  Drone  
  18  1:16  Drone  
  19  1:22  Hatchery  
  18  1:28  Overlord  
  18  1:37  Queen  
  20  1:41  Zergling x2  
  21  1:49  Zergling x2  
  22  2:01  Zergling x2  
  23  2:11  Zergling x2  
  24  2:20  Queen  
  26  2:26  Spine Crawler  
  25  2:34  Evolution Chamber  
  20  2:55  Queen  
  20  3:00  Zergling x2  
  21  3:06  Spine Crawler  
  21  3:10  Zergling x2  
  18  3:21  Drone x3  
  18  3:22  Drone  
  22  3:31  Queen  
  24  3:38  Zergling x2  
  25  3:43  Baneling Nest  
  24  3:49  Roach Warren  
  24  3:51  Zergling x4  
  23  4:20  Drone  
  18  4:27  Baneling x3  
  20  4:31  Roach  
  20  4:34  Lair  
  20  4:35  Drone  
  20  4:59  Roach  
  20  5:10  Drone x3  
  23  5:17  Hatchery  
  22  5:24  Drone  
  22  5:25  Drone  
  24  5:37  Drone  
  25  5:47  Drone  
  26  5:57  Overlord  
  26  6:11  Drone  
  27  6:21  Zerg Missile Weapons Level 1  
  27  6:35  Drone x5  
  32  6:50  Drone x3  
  35  6:57  Drone x4  
  39  7:08  Roach x2  
  43  7:09  Overlord  
  43  7:10  Overlord x2  
  43  7:29  Drone x2  
  47  7:30  Drone x4  
  49  7:37  Roach x2  
  49  7:38  Roach  
  59  7:44  Roach x2  
  59  7:52  Roach  
  59  7:53  Roach  
  59  8:11  Roach x4  
  67  8:17  Roach  
  59  8:24  Roach  
  55  8:31  Roach  
  55  8:33  Zergling x16  
  59  8:38  Queen  
  58  8:45  Roach  
  60  8:48  Zergling x2  
  61  8:57  Roach  
  61  8:58  Zergling x2  
  61  8:59  Zergling x10  
  67  9:07  Extractor  
  64  9:14  Roach x2  
  51  9:19  Roach  
  47  9:30  Roach  
  47  9:32  Zergling x12  
  47  9:37  Zergling x2  
  52  9:45  Zergling x2  
  43  9:57  Zergling x12  
  49  10:00  Queen  
  50  10:08  Zergling x2  
  50  10:09  Zergling x2  
  49  10:16  Metabolic Boost  
  49  10:18  Drone x5  
  54  10:30  Overseer  
  54  10:31  Baneling x2  
  54  10:39  Roach x5  
  64  10:51  Roach  
  64  10:52  Overlord  
  66  10:59  Extractor  
  66  11:00  Drone x2  
  66  11:02  Extractor  
  66  11:14  Roach x2  
  66  11:15  Roach  
  72  11:19  Drone x3  
  72  11:24  Overlord x3  
Show
View Real Time Build Order
Export as new Build Order

selVOnt Zerg - Winner!

Build Orders: Pool First, Zergling Baneling 

Get SALT Encoding   

  12  0:07  Extractor  
  12  0:08  Drone  
  12  0:27  Spawning Pool  
  11  0:36  Drone  
  12  0:45  Overlord  
  12  1:13  Metabolic Boost  
  12  1:14  Zergling x4  
  12  1:15  Zergling x2  
  15  1:30  Baneling Nest  
  15  1:31  Zergling x2  
  16  1:40  Zergling x2  
  16  1:50  Zergling x2  
  17  2:12  Zergling x4  
  17  2:14  Baneling x3  
  19  2:24  Zergling x2  
  15  2:47  Zergling x4  
  15  3:05  Zergling x2  
  15  3:06  Zergling x2  
  16  3:25  Zergling x4  
  15  3:36  Zergling x2  
  15  3:40  Baneling  
  15  3:41  Baneling x3  
  16  3:42  Queen  
  16  3:46  Zergling x2  
  19  3:56  Zergling x2  
  17  4:23  Drone x2  
  18  4:29  Baneling x4  
  18  4:35  Hatchery  
  14  5:03  Roach Warren, Zergling x8  
  17  5:09  Drone  
  18  5:16  Drone  
  18  5:21  Drone  
  20  5:28  Drone  
  20  5:31  Drone  
  22  5:39  Overlord  
  22  5:50  Drone x2  
  22  5:56  Drone x2  
  26  6:00  Drone  
  27  6:08  Queen  
  28  6:29  Roach x3  
  28  6:31  Overlord  
  34  6:50  Roach  
  34  6:51  Roach x3  
  42  6:56  Overlord x2  
  42  7:17  Roach x3  
  42  7:18  Roach  
  50  7:24  Overlord  
  50  7:40  Overlord  
  50  7:44  Ravager x2  
  45  8:29  Zergling x2  
  45  8:30  Zergling x26  
  53  8:49  Ravager  
  53  8:50  Ravager  
  53  8:51  Ravager  
  56  8:56  Zergling x4  
  56  8:57  Zergling x4  
  38  9:58  Zergling x20  
  47  10:16  Roach x4  
  55  10:34  Roach x4  
  55  10:35  Roach x2  
  67  10:47  Overlord  
  67  10:48  Overlord  
  67  11:08  Roach x3  
  67  11:09  Roach x2  
  67  11:10  Zergling x6  
  80  11:24  Drone  
  80  11:25  Drone x3  
  84  11:26  Overlord  
Tags
 
Add a new tag
Caveats
  • Supply blocks, unpowered buildings, or Contaminate may cause inaccurate times.
  • Supply counts are checked every 10 seconds.